Map: Divergence LE

Players

Massa

  • Race: Terran Terran
  • Spawn Location: 5:00

qqq

  • Race: Protoss Protoss
  • Spawn Location: 5:00

Sego - Winner!

  • Race: Zerg Zerg
  • League: Diamond
  • Spawn Location: 11:00

Gilgamesh - Winner!

  • Race: Protoss Protoss
  • League: Diamond
  • Spawn Location: 11:00

VOD

Have the link to the VOD?

Description

Time

  • Played on: June 20, 2020, 3:37 p.m.
  • Length: 13:48
Show
View Real Time Build Order
Export as new Build Order

Massa Terran 

Build Orders:  

Get SALT Encoding   

  12  0:10  SCV  
  13  0:15  Supply Depot  
  13  0:22  SCV  
  14  0:34  SCV  
  15  0:39  Barracks  
  15  0:46  SCV  
  16  0:58  SCV  
  17  1:07  Supply Depot  
  17  1:11  SCV  
  18  1:23  SCV  
  18  1:30  Refinery, Marine  
  19  1:35  SCV, Supply Depot  
  20  1:48  Marine  
  21  2:00  Command Center  
  21  2:02  Orbital Command  
  21  2:06  Marine  
  22  2:16  Barracks  
  22  2:29  Barracks  
  22  2:32  SCV  
  22  2:35  Marine  
  24  2:44  SCV  
  25  2:53  Marine  
  26  3:01  Supply Depot  
  26  3:04  Supply Depot  
  26  3:07  Marine, Supply Depot  
  26  3:10  Marine  
  28  3:17  Marine  
  29  3:25  Marine  
  30  3:28  Marine  
  31  3:34  Marine  
  32  3:45  Factory  
  32  3:47  Barracks  
  32  3:52  Marine x3  
  35  4:09  Marine  
  35  4:10  Marine x2  
  38  4:21  Engineering Bay  
  38  4:23  Orbital Command  
  38  4:27  SCV, Marine x2  
  38  4:28  Marine  
  42  4:31  Factory Tech Lab  
  42  4:34  Marine  
  43  4:39  SCV  
  43  4:45  Marine x2  
  45  4:46  Marine  
  45  4:51  SCV  
  48  5:00  Missile Turret  
  48  5:01  Missile Turret  
  48  5:07  Missile Turret  
  48  5:13  SCV x2  
  50  5:14  Missile Turret  
  50  5:25  SCV x2  
  52  5:37  Marine  
  52  5:38  Marine  
  52  5:40  Siege Tank  
  52  5:41  Barracks Tech Lab  
  57  5:52  SCV x2  
  59  5:59  Marine x4  
  59  6:03  Stimpack  
  59  6:04  SCV x2  
  65  6:16  SCV  
  65  6:18  Marauder  
  38  6:49  Marine x4  
  39  6:54  Siege Tank  
  42  7:06  Marine  
  42  7:07  Marine x2  
  45  7:15  Factory  
  45  7:20  Terran Infantry Armor Level 1  
  45  7:21  Bunker  
  45  7:25  Barracks Tech Lab  
  45  7:26  Siege Tank  
  45  7:28  Marine x3  
  51  7:46  Refinery, Marine x3  
  51  7:47  Refinery  
  51  7:49  Refinery  
  54  8:03  Marine  
  54  8:04  Marine x2  
  51  8:17  Marauder  
  51  8:21  Marine  
  51  8:22  Marine x2  
  54  8:30  SCV  
  55  8:39  Marauder, Marine  
  55  8:40  Marine x2  
  60  8:42  SCV  
  62  8:48  SCV  
  62  8:55  SCV  
  63  8:58  Marauder  
  63  8:59  Siege Tank  
  63  9:00  Marauder, Factory Reactor  
  70  9:11  Supply Depot  
  70  9:14  Supply Depot  
  70  9:31  Terran Infantry Weapons Level 1  
  70  9:32  SCV x2  
  70  9:33  Marauder  
  70  9:34  Armory  
  70  9:35  Supply Depot  
  70  9:38  Supply Depot  
  74  9:44  SCV x2  
  76  9:50  Command Center  
  76  9:54  Widow Mine x2  
  76  9:57  SCV x2  
  76  9:59  Supply Depot  
  82  10:02  Supply Depot  
  82  10:04  Barracks Tech Lab  
  82  10:06  Concussive Shells  
  82  10:07  Barracks Tech Lab  
  82  10:08  Combat Shield  
  82  10:09  SCV  
  82  10:13  SCV  
  84  10:16  Widow Mine x2  
  84  10:21  SCV  
  89  10:24  Supply Depot  
  89  10:25  SCV  
  90  10:32  Thor  
  90  10:33  SCV  
  97  10:37  Widow Mine x2, SCV  
  102  10:45  SCV  
  102  10:49  SCV  
  104  10:57  SCV  
  104  10:58  Widow Mine  
  104  11:02  SCV  
  108  11:10  Widow Mine  
  110  11:13  Marauder x2  
  110  11:14  Marauder x2  
  110  11:15  Thor  
  120  11:20  Widow Mine  
  122  11:31  Widow Mine  
  124  11:35  Marauder x4  
  132  11:41  Widow Mine  
  127  11:53  Widow Mine  
  118  11:56  Marauder x3, Marine  
  125  12:14  Marine  
  126  12:17  Command Center  
  126  12:26  Missile Turret  
  126  12:35  Supply Depot  
  126  12:37  Supply Depot  
  126  12:47  Missile Turret  
  126  12:56  SCV x2, Marine x4  
  130  13:00  Supply Depot  
  130  13:01  Supply Depot  
  128  13:08  SCV x2, Missile Turret  
  130  13:14  Marine x3  
  133  13:20  SCV x2  
  133  13:26  Supply Depot  
  123  13:28  Missile Turret  
  123  13:32  SCV x2  
Show
View Real Time Build Order
Export as new Build Order

qqq Protoss 

Build Orders:  

Get SALT Encoding   

  12  0:04  Probe  
  13  0:14  Pylon  
  13  0:33  Forge  
  13  0:41  Gateway  
  13  0:44  Probe  
  14  0:56  Probe  
  15  1:08  Probe  
  16  1:19  Pylon  
  16  1:20  Probe  
  17  1:28  Assimilator  
  17  1:31  Cybernetics Core  
  17  1:32  Probe  
  18  1:47  Pylon  
  18  2:00  Probe, Assimilator  
  19  2:13  Probe  
  20  2:21  Photon Cannon  
  20  2:25  Probe  
  20  2:28  Photon Cannon  
  21  2:41  Gateway  
  21  2:42  Gateway  
  21  2:45  Photon Cannon  
  21  2:53  Photon Cannon  
  21  3:06  Stalker  
  23  3:30  Probe  
  24  3:36  Pylon  
  24  3:48  Robotics Facility  
  24  3:54  Probe, Stalker  
  27  4:00  Pylon  
  27  4:05  Stalker  
  27  4:06  Probe  
  30  4:16  Pylon  
  30  4:22  Stalker  
  32  4:24  Stalker  
  34  4:35  Stalker  
  31  4:48  Observer  
  31  5:04  Immortal  
  31  5:06  Probe  
  32  5:18  Probe  
  32  5:30  Probe  
  33  5:42  Probe  
  34  5:54  Probe  
  35  6:02  Photon Cannon  
  35  6:06  Probe  
  36  6:19  Probe  
  37  6:31  Probe  
  21  7:11  Stargate  
  21  7:14  Stargate  
  21  7:27  Probe  
  22  7:31  Observer  
  23  7:39  Probe  
  23  7:44  Nexus  
  24  7:49  Pylon  
  23  7:51  Probe  
  21  8:03  Probe  
  21  8:04  Phoenix  
  22  8:38  Phoenix  
  22  8:41  Probe  
  25  8:53  Probe  
  26  9:03  Phoenix  
  28  9:12  Phoenix  
  30  9:17  Probe  
  31  9:29  Probe  
  32  9:41  Probe  
  32  9:43  Protoss Air Weapons Level 1  
  33  9:52  Fleet Beacon  
  33  9:54  Probe  
  34  10:06  Probe  
  35  10:17  Probe  
  35  10:20  Phoenix  
  38  10:25  Probe  
  38  10:33  Probe  
  40  10:45  Probe  
  41  10:57  Probe, Nexus  
  40  11:10  Photon Cannon  
  28  11:56  Carrier  
  34  12:37  Nexus  
Show
View Real Time Build Order
Export as new Build Order

Sego Zerg - Winner!

Build Orders: 3 Hatch before Pool 

Get SALT Encoding   

  12  0:01  Drone  
  13  0:17  Overlord  
  13  0:18  Drone  
  14  0:36  Drone  
  14  0:37  Drone  
  14  0:40  Drone  
  17  1:00  Drone  
  19  1:11  Drone x2  
  19  1:14  Hatchery  
  19  1:27  Hatchery  
  18  1:40  Spawning Pool  
  17  1:52  Drone  
  17  1:53  Drone  
  19  1:55  Extractor  
  18  2:28  Zergling x2  
  18  2:29  Zergling x4  
  22  2:38  Queen  
  22  2:41  Queen  
  22  2:42  Spine Crawler, Overlord  
  25  2:48  Extractor  
  24  2:58  Spine Crawler  
  23  3:01  Overlord  
  23  3:02  Drone x2  
  23  3:03  Drone x2  
  29  3:19  Queen  
  29  3:20  Overlord  
  29  3:23  Metabolic Boost  
  29  3:30  Drone x3  
  29  3:33  Baneling Nest  
  31  3:41  Zergling x2  
  31  3:42  Zergling x2  
  31  3:46  Zergling x4  
  35  3:53  Zergling x6  
  38  3:56  Drone x2  
  38  4:00  Zergling x6  
  43  4:06  Lair  
  43  4:13  Evolution Chamber  
  43  4:16  Overlord  
  42  4:39  Zerg Melee Weapons Level 1  
  42  4:40  Drone x2  
  42  4:43  Overlord  
  44  4:48  Overlord  
  44  5:05  Spire  
  43  5:10  Hatchery  
  43  5:11  Drone x4  
  46  5:22  Centrifical Hooks  
  46  5:34  Drone  
  46  5:35  Drone x6  
  53  5:39  Overlord  
  53  5:43  Extractor  
  53  5:44  Extractor  
  50  6:02  Zergling x18  
  59  6:12  Baneling x5  
  59  6:13  Baneling x4  
  59  6:15  Zergling x6  
  57  6:30  Overseer  
  52  6:39  Zergling x2  
  47  6:40  Zergling x8  
  47  6:46  Drone  
  52  6:47  Drone x3  
  52  6:50  Zergling x4  
  52  6:51  Zergling x2  
  53  7:06  Zergling x8  
  53  7:08  Drone x2  
  58  7:09  Zerg Melee Weapons Level 2  
  58  7:16  Hatchery  
  58  7:19  Drone x3  
  58  7:20  Drone x2  
  62  7:26  Drone x2  
  64  7:35  Drone  
  65  7:38  Evolution Chamber, Overlord x2  
  64  7:44  Drone  
  64  7:45  Drone x3  
  64  7:51  Drone x4  
  70  7:57  Drone x2  
  70  7:58  Drone x2  
  76  8:00  Extractor x2  
  76  8:03  Overlord x2  
  74  8:06  Zerg Ground Armor Level 1  
  74  8:09  Overlord x2  
  74  8:10  Infestation Pit  
  73  8:25  Zerg Flyer Weapons Level 1  
  74  8:27  Drone x10  
  74  8:32  Extractor  
  74  8:33  Extractor  
  81  8:37  Drone x3  
  84  8:48  Overlord x4  
  84  8:49  Drone x3  
  84  8:50  Drone x2  
  84  8:51  Overseer  
  84  8:54  Baneling  
  84  8:55  Baneling x11  
  89  8:56  Baneling x2  
  89  8:58  Zergling x2  
  89  9:02  Zergling x2  
  91  9:12  Spine Crawler  
  91  9:13  Spore Crawler  
  91  9:15  Drone x4  
  91  9:16  Drone x3  
  96  9:18  Spine Crawler x2  
  96  9:22  Infestation Pit  
  93  9:29  Zergling x8  
  93  9:30  Zergling x6  
  100  9:32  Hive  
  100  9:35  Overlord  
  100  9:36  Overlord  
  100  9:38  Zergling x8  
  103  9:39  Zergling x4  
  107  10:02  Spore Crawler  
  107  10:03  Spine Crawler x2, Spore Crawler  
  103  10:13  Zerg Ground Armor Level 2  
  103  10:18  Zergling x2  
  103  10:19  Zergling x30  
  119  10:25  Queen x2  
  123  10:29  Spine Crawler, Spore Crawler  
  123  10:31  Drone, Spore Crawler x2  
  123  10:32  Drone x3, Spine Crawler  
  123  10:34  Spore Crawler  
  121  10:57  Adrenal Glands  
  121  10:59  Zerg Melee Weapons Level 3  
  121  11:00  Ultralisk Cavern  
  100  11:56  Ultralisk x2  
  100  11:57  Ultralisk x6  
  100  12:01  Overlord x4  
  148  12:02  Overseer, Overlord x2  
  148  12:03  Overseer x4  
  148  12:05  Zergling x2  
  148  12:06  Zergling x26  
  162  12:23  Zergling x2  
  162  12:24  Zergling x18  
  172  12:33  Zergling x2  
  172  12:34  Zergling x4  
  167  13:11  Baneling x14  
  167  13:12  Baneling x18  
  151  13:30  Zergling x2  
  151  13:31  Zergling x16  
Show
View Real Time Build Order
Export as new Build Order

Gilgamesh Protoss - Winner!

Build Orders: Zealot Archon, Colossus Rush, Dark Templar Rush 

Get SALT Encoding   

  12  0:01  Probe  
  13  0:13  Probe  
  14  0:17  Pylon  
  14  0:25  Probe  
  15  0:33  Probe  
  15  0:41  Probe, Gateway  
  17  0:51  Probe, Assimilator  
  18  0:57  Assimilator  
  18  1:03  Probe  
  19  1:11  Probe  
  20  1:19  Probe  
  21  1:30  Probe  
  21  1:32  Cybernetics Core  
  22  1:42  Probe  
  23  1:56  Nexus  
  23  2:00  Pylon  
  23  2:08  Stalker  
  23  2:10  Twilight Council  
  23  2:19  Warp Gate  
  25  2:38  Stalker  
  25  2:39  Robotics Facility  
  27  2:53  Probe  
  27  2:55  Dark Shrine  
  28  2:59  Gateway  
  28  3:05  Probe  
  28  3:15  Stalker  
  31  3:21  Probe  
  31  3:22  Warp Prism  
  32  3:33  Probe  
  34  3:36  Probe  
  35  3:50  Probe x2  
  37  4:02  Probe x2, Observer  
  40  4:09  Dark Templar  
  42  4:10  Dark Templar  
  42  4:14  Probe x2  
  46  4:21  Assimilator  
  46  4:22  Assimilator  
  46  4:31  Pylon  
  46  4:36  Forge  
  46  4:39  Robotics Bay  
  46  4:51  Probe x2  
  48  5:03  Probe x2, Immortal  
  48  5:04  Shield Battery  
  54  5:24  Probe x2  
  54  5:28  Protoss Ground Weapons Level 1  
  52  5:36  Probe x2  
  52  5:37  Extended Thermal Lance  
  52  5:42  Gateway  
  54  5:46  Pylon  
  54  5:49  Pylon  
  54  5:50  Pylon  
  54  5:57  Colossus  
  54  6:04  Gateway  
  54  6:06  Gateway  
  54  6:10  Dark Templar  
  62  6:20  Dark Templar  
  60  6:42  Immortal  
  60  6:43  Dark Templar x2  
  58  6:53  Observer  
  58  6:57  Probe x2  
  60  7:09  Probe x2  
  60  7:13  Archon  
  62  7:17  Nexus, Adept  
  62  7:18  Adept x2  
  68  7:23  Adept  
  68  7:25  Probe x2  
  72  7:30  Assimilator  
  72  7:33  Colossus  
  72  7:35  Assimilator  
  78  7:38  Pylon  
  78  7:41  Templar Archives  
  78  7:42  Pylon  
  78  8:08  Probe x2  
  80  8:17  Protoss Ground Weapons Level 2  
  80  8:18  Colossus  
  74  8:20  Probe x2  
  80  8:34  Pylon  
  80  8:37  Psionic Storm  
  80  8:38  Probe x2, Charge, Pylon  
  82  8:41  Photon Cannon  
  82  8:43  Probe  
  82  8:44  Photon Cannon  
  82  8:46  Shield Battery  
  83  8:50  Probe x2  
  83  8:52  High Templar x2  
  88  9:05  Stalker  
  88  9:06  Stalker  
  92  9:14  Colossus  
  92  9:20  Probe x3  
  101  9:32  Probe  
  102  9:45  Nexus  
  102  9:48  Assimilator  
  102  9:53  Assimilator  
  102  9:55  Gateway, Pylon  
  102  9:56  Gateway, Colossus  
  102  9:58  Pylon  
  102  10:05  Forge  
  102  10:06  Gateway  
  102  10:08  Gateway  
  102  10:10  Gateway  
  108  10:20  Zealot x2  
  108  10:21  Zealot x3  
  118  10:37  Gravitic Drive  
  118  10:45  Protoss Ground Weapons Level 3  
  118  10:47  Zealot x3  
  118  10:48  Zealot, Immortal  
  126  10:53  Photon Cannon  
  126  10:54  Protoss Ground Armor Level 1  
  126  10:56  Photon Cannon  
  130  10:59  Shield Battery  
  128  11:20  Zealot x6  
  138  11:44  Probe  
  138  11:45  Probe x3  
  130  12:00  Photon Cannon  
  130  12:04  Photon Cannon  
  130  12:06  Photon Cannon  
  128  12:33  High Templar x4  
  128  12:34  High Templar x6, Immortal  
  144  12:47  Photon Cannon  
  144  12:49  Photon Cannon, Shield Battery  
  144  12:50  Shield Battery  
  142  12:57  Photon Cannon  
  142  13:01  Photon Cannon  
  142  13:03  Photon Cannon  
  142  13:11  High Templar x7  
  156  13:19  Pylon  
  156  13:20  Archon x3, Pylon  
  156  13:21  Archon x5  
  156  13:22  Pylon  
  156  13:24  Pylon  
  156  13:25  Pylon  
  150  13:27  Pylon  
  150  13:29  Pylon  
  150  13:30  Archon  
  142  13:47  Stalker x6  
  142  13:48  Stalker x4  
Tags
 
Add a new tag
Caveats
  • Supply blocks, unpowered buildings, or Contaminate may cause inaccurate times.
  • Supply counts are checked every 10 seconds.